 Dungeon Crawl Stone Soup version 0.23.1 (webtiles) character file.

Game seed: 0

490 sanboga the Chopper (level 7, -1/44 HPs)
             Began as a Gargoyle Berserker on Mar 7, 2019.
             Was a Priest of Trog.
             Slain by Grinder (2 damage)
             ... on level 4 of the Dungeon.
             The game lasted 00:04:13 (2973 turns).

sanboga the Chopper (Gargoyle Berserker)            Turns: 2973, Time: 00:04:13

Health: -1/44      AC: 17    Str: 22    XL:     7   Next: 14%
Magic:  7/7        EV:  7    Int:  8    God:    Trog [***...]
Gold:   165        SH:  0    Dex:  9    Spells: 6/6 levels left

rFire    . . .     SeeInvis .   a - +1 hand axe
rCold    . . .     Gourm    .   (no shield)
rNeg     + . .     Faith    .   h - +0 plate armour
rPois    ∞         Spirit   .   b - +1 hat
rElec    +         Reflect  .   (no cloak)
rCorr    .         Harm     .   (no gloves)
MR       .....                  (no boots)
Stlth    ..........             (no amulet)
HPRegen  0.14/turn              (no ring)
MPRegen  0.10/turn              (no ring)

@: berserk cooldown, slowed, very slow
A: negative energy resistance 1, electricity resistance, unbreathing,
petrification resistance, rot immunity, AC +4
a: Berserk, Trog's Hand, Renounce Religion


You were on level 4 of the Dungeon.
You worshipped Trog.
Trog was most pleased with you.
You were hungry.

You visited 1 branch of the dungeon, and saw 4 of its levels.

You collected 165 gold pieces.

Inventory:

Hand Weapons
 a - a +1 hand axe (weapon)
Armour
 b - a +1 hat (worn)
 h - a +0 plate armour (worn)
Jewellery
 j - an uncursed ring of fire
Wands
 g - a wand of digging (6)
Scrolls
 d - 4 scrolls of identify
 e - a scroll of enchant weapon
 f - a scroll of enchant armour
Comestibles
 c - 7 rations
 i - 2 chunks of flesh


   Skills:
 + Level 5.1 Fighting
 * Level 5.4 Axes
 + Level 4.4 Armour
 - Level 1.5 Dodging


You had 6 spell levels left.
You didn't know any spells.
Your spell library was empty.

Dungeon Overview and Level Annotations

Branches:
Dungeon (4/15)
 Temple: D:4-7

Altars:

Annotations:
D:4 Grinder


Innate Abilities, Weirdness & Mutations

You are resistant to torment.
Your stone body is resilient. (AC +4)
You are immune to poison.
You resist negative energy. (rN+)
You are resistant to electric shocks. (rElec)
You can survive without breathing.
You are immune to petrification.
You are immune to rotting.


Message History

Grinder hits you but does no damage.
You hit Grinder.
Grinder is heavily wounded.
Grinder hits you.
* * * LOW HITPOINT WARNING * * *
Grinder says, "FISH!"
Grinder hits you.
* * * LOW HITPOINT WARNING * * *
You writhe in agony.
* * * LOW HITPOINT WARNING * * *
Your plate armour prevents you from hitting Grinder.
Grinder is heavily wounded.
Grinder hits you but does no damage. Grinder barely misses you.
You hit Grinder.
Grinder is severely wounded.
Grinder hits you.
* * * LOW HITPOINT WARNING * * *
You writhe in agony.
You die...

#.# .# .# #.# .# # #.#
# .##.# #.# #. ...
######.# ###.##.#
#<.....# #......#
##.###########..####..
#....(..#<#.5........
#.#####.#.#.#@.#####.
#.# #.#.#÷#..#
####.#####.....#....
.........#.#.........#
##########.#####.#...#
#.# #.....!. #.#
#.#...... ###
#.###...#


You could see Grinder.

Vanquished Creatures
  An ogre (D:4)
  A scorpion (D:4)
  A howler monkey (D:4)
  A gnoll shaman (D:4)
  3 orc wizards
  6 gnolls
  7 adders
  2 worms (D:3)
  3 dart slugs
  3 leopard geckos
  12 orcs
  2 ball pythons
  2 giant cockroaches
  5 goblins
  6 hobgoblins
  A quokka (D:4)
  5 bats
  5 frilled lizards
  6 kobolds
  7 rats
79 creatures vanquished.

Notes
Turn   | Place    | Note
-------+----------+-------------------------------------------
     0 | D:1      | sanboga the Gargoyle Berserker began the quest for the Orb.
     0 | D:1      | Reached XP level 1. HP: 14/14 MP: 1/1
    67 | D:1      | Reached XP level 2. HP: 10/19 MP: 2/2
   282 | D:1      | Reached XP level 3. HP: 23/23 MP: 3/3
   571 | D:1      | Reached ** piety under Trog
  1491 | D:3      | Reached XP level 4. HP: 29/29 MP: 4/4
  1837 | D:3      | Reached XP level 5. HP: 25/33 MP: 5/5
  2455 | D:4      | Noticed an ogre
  2457 | D:4      | Reached *** piety under Trog
  2459 | D:4      | Reached XP level 6. HP: 13/39 MP: 6/6
  2465 | D:4      | Reached skill level 5 in Axes
  2466 | D:4      | Reached skill level 5 in Fighting
  2466 | D:4      | Reached XP level 7. HP: 5/44 MP: 7/7
  2947 | D:4      | Noticed Grinder
  2973 | D:4      | HP: 1/44 [Grinder (5)]
  2973 | D:4      | Slain by Grinder

Skill      XL: |  1  2  3  4  5  6 |
---------------+-------------------+-----
Axes           | 3 4 5 |  5.4
Armour         | 3 4 |  4.4
Fighting       | 4 5 |  5.1
Dodging        | |  1.5

Action                   |  1- 3 |  4- 6 |  7- 9 || total
-------------------------+-------+-------+-------++-------
Melee: Hand axe          |    96 |   144 |    44 ||   284
Invok: Berserk           |     1 |     1 |     1 ||     3
  Use: Scroll            |     7 |     1 |     1 ||     9
       Potion            |     2 |       |       ||     2
  Eat: Chunk             |     2 |     4 |     3 ||     9
Armor: Animal skin       |    29 |       |       ||    29
       Plate armour      |     3 |   161 |    15 ||   179
Dodge: Dodged            |    59 |    52 |    12 ||   123
